 Dungeon Crawl Stone Soup version 0.20-a0-1101-g1de9d76 (webtiles) character file.

254 Duffy the Shield-Bearer (level 6, -5/56 HPs)
             Began as a Naga Wanderer on May 4, 2017.
             Slain by a gnoll
             ... wielding a +0 flail
              (6 damage)
             ... on level 3 of the Dungeon.
             The game lasted 00:03:07 (2823 turns).

Duffy the Shield-Bearer (Naga Wanderer)             Turns: 2823, Time: 00:03:08

Health: -5/56      AC:  5    Str: 20    XL:     6   Next: 14%
Magic:  6/6        EV: 12    Int: 11    God:
Gold:   52         SH: 10    Dex: 18    Spells: 5/5 levels left

rFire    + . .     SeeInvis +   n - +2 short sword (venom)
rCold    . . .     Gourm    .   a - +0 shield
rNeg     . . .     Faith    .   b - +0 ring mail
rPois    +         Spirit   .   (no helmet)
rElec    .         Reflect  .   (no cloak)
rCorr    .         Harm     .   (no gloves)
MR       .....                  (no barding)
Stlth    ++........             (no amulet)
Regen    0.2/turn               p - ring of protection from fire
MPRegen  0.1/turn               (no ring)

@: mighty, agile, short of breath, flying, very slow
A: see invisible, deformed body, poison resistance, slowness 2, slow metabolism
1, spit poison 1, AC +2
a: Spit Poison


You were on level 3 of the Dungeon.
You were not hungry.

You visited 1 branch of the dungeon, and saw 3 of its levels.

You collected 52 gold pieces.

Inventory:

Hand Weapons
 n - a +2 short sword of venom (weapon)
Armour
 a - a +0 shield (worn)
 b - a +0 ring mail (worn)
 o - a +0 chain mail
Jewellery
 p - a ring of protection from fire (left hand)
Scrolls
 c - 3 scrolls of teleportation
 e - a scroll of amnesia {unknown}
 i - 3 scrolls of immolation {unknown}
 j - a scroll of random uselessness {unknown}
 m - a scroll of enchant armour {unknown}
 r - a scroll of enchant weapon {unknown}
Potions
 q - a potion of curing {unknown}
Comestibles
 d - 5 chunks of flesh
 f - a bread ration
 g - a meat ration
 s - 2 fruits


   Skills:
 - Level 3.0 Fighting
   Level 1.0(1.2) Axes
   Level 1.0(1.2) Maces & Flails
 - Level 2.4 Armour
 + Level 5.0 Shields
   Level 1.0 Evocations


You had 5 spell levels left.
You didn't know any spells.

Dungeon Overview and Level Annotations

Branches:
Dungeon (3/15)

Altars:
Ashenzari
Fedhas
Ru
Uskayaw
Vehumet


Innate Abilities, Weirdness & Mutations

You cannot wear boots.
Your serpentine skin is tough. (AC +2)
You have supernaturally acute eyesight. (SInv)
Armour fits poorly on your strangely shaped body.
Your system is resistant to poisons. (rPois)
You cover ground very slowly.
You have a slow metabolism.
You can spit poison.


Message History

The adder bites you but does no damage. The gnoll hits you with a flail!
The adder bites you.
Press: ? - help, Shift-Dir - straight line, f - gnoll
Aim: a gnoll, wielding a flail (poisoned)
The splash of poison hits the gnoll.
The gnoll appears unharmed.
You feel slightly more hungry. The adder barely misses you.
You block the rat's attack. The gnoll hits you with a flail!
Unknown command.
It was a potion of agility.
You feel agile all of a sudden. You block the adder's attack.
The rat bites you but does no damage.
It was a potion of flight.
You feel very buoyant.
You fly up into the air.
The adder bites you but does no damage. You block the gnoll's attack.
The rat closely misses you. The adder barely misses you.
It was a potion of might.
You feel very mighty all of a sudden. The gnoll hits you with a flail.
You die...

#############
#............
#............
#...g........
#.%..@S.g....
###...r...###
#####....#
#..... #.##.
... .## #


You could see a gnoll, an adder, a hobgoblin and a rat.

Vanquished Creatures
  Sigmund (D:1)
  Terence (D:1)
  A gnoll (D:1)
  An adder (D:2)
  3 oozes
  A dart slug (D:1)
  A ball python (D:1)
  6 bats
  A giant cockroach (D:1)
  7 goblins
  3 hobgoblins
  2 frilled lizards
  7 kobolds
  7 rats
42 creatures vanquished.

Notes
Turn   | Place    | Note
-------+----------+-------------------------------------------
     0 | D:1      | Duffy the Naga Wanderer began the quest for the Orb.
     0 | D:1      | Duffy set off with: a +0 shield, a +0 ring mail, a scroll of teleportation, a +0 club, a bread ration
     0 | D:1      | Reached XP level 1. HP: 21/21 MP: 1/1
   222 | D:1      | Reached XP level 2. HP: 15/28 MP: 2/2
   538 | D:1      | Reached skill level 2 in Shields
  1123 | D:1      | Reached XP level 3. HP: 29/34 MP: 3/3
  1361 | D:1      | You fall through a shaft!
  1361 | D:2      | Noticed Sigmund
  1365 | D:2      | Noticed Terence
  1380 | D:1      | Killed Terence
  1380 | D:1      | Reached skill level 3 in Shields
  1651 | D:1      | Reached XP level 4. HP: 42/42 MP: 4/4
  2227 | D:1      | HP: 2/42 [Sigmund/scythe of slicing (1)]
  2229 | D:1      | Killed Sigmund
  2229 | D:1      | Reached skill level 4 in Shields
  2229 | D:1      | Reached XP level 5. HP: 2/49 MP: 5/5
  2229 | D:1      | Reached XP level 6. HP: 2/56 MP: 6/6
  2750 | D:2      | Found a blossoming altar of Fedhas.
  2775 | D:2      | Found a hide-covered altar of Uskayaw.
  2776 | D:2      | Found a radiant altar of Vehumet.
  2776 | D:2      | Found a sacrificial altar of Ru.
  2777 | D:2      | Found a shattered altar of Ashenzari.
  2787 | D:2      | Reached skill level 5 in Shields
  2820 | D:3      | HP: 1/56 [gnoll/flail (7)]
  2823 | D:3      | Slain by a gnoll

Vault maps used:
D:1:      erik_arrival_gehennom, serial_curves, eino_curves_04, eino_curves_02,
          eino_curves_01, lemuel_old_faithful
D:2:      chequers_temple_overflow_statue_of_worship, fedhas_altar_2,
          uniq_sigmund, uniq_terence
D:3:      grunt_temple_overflow_open, st_stairs_11

Skill      XL: |  1  2  3  4  5  6 |
---------------+-------------------+-----
Shields        | 2 3 4 5 |  5.0
Fighting       | |  3.0
Axes           | |  1.0
Maces & Flails | |  1.0
Armour         | |  2.4
Evocations     | |  1.0

Action                   |  1- 3 |  4- 6 || total
-------------------------+-------+-------++-------
Melee: Club              |    30 |       ||    30
       Dagger            |    74 |       ||    74
       Short sword       |    12 |    40 ||    52
 Abil: Spit Poison       |     7 |     3 ||    10
  Use: Potion            |       |     4 ||     4
  Eat: Chunk             |     2 |     3 ||     5
Armor: Ring mail         |    64 |    11 ||    75
Dodge: Dodged            |    25 |    18 ||    43
Block: Shield            |    49 |    29 ||    78
